 Dungeon Crawl Stone Soup version 0.17-a0-1378-g281efdd (webtiles) character file.

1102 Steifyn the Covered (level 8, -6/61 HPs)
             Began as a Demonspawn Fighter on June 14, 2015.
             Mangled by an ogre
             ... wielding a +0 giant club
              (10 damage)
             ... on level 5 of the Dungeon.
             The game lasted 00:17:44 (3244 turns).

Steifyn the Covered (Demonspawn Fighter)            Turns: 3244, Time: 00:17:44

Health: -6/61      AC: 14    Str: 24    XL:     8   Next: 10%
Magic:  0/8        EV: 10    Int: 10    God:    Xom [......]
Gold:   124        SH: 10    Dex: 12    Spells: 0 memorised, 7 levels left

rFire  . . .     SeeInvis .     a - +0 flail
rCold  . . .     Clarity  .     b - +1 scale mail
rNeg   . . .     SustAt   .     c - +0 shield
rPois  .         Gourm    .     (no helmet)
rElec  .         Spirit   +     (no cloak)
rCorr  .         Warding  .     (no gloves)
rMut   .         Stasis   .     (no boots)
MR     .....                    (no amulet)
Stlth  ..........               (no ring)
                                (no ring)

@: mighty, very slightly contaminated, not resistant to hostile enchantments,
extremely unstealthy
A: iridescent scales 2, magic shield, magic regeneration
a: Renounce Religion


You were on level 5 of the Dungeon.
You worshipped Xom.
You were a very special plaything of Xom.
You were not hungry.

You visited 1 branch of the dungeon, and saw 5 of its levels.

You collected 124 gold pieces.

Inventory:

Hand weapons
 a - a +0 flail (weapon)
 m - a +0 scythe
Armour
 b - a +1 scale mail (worn)
 c - a +0 shield (worn)
 n - a +1 robe of fire resistance
Magical devices
 q - a wand of fire (2)
Scrolls
 f - a scroll of magic mapping
 g - a scroll of recharging
 k - a scroll of immolation
Potions
 l - a potion of poison
Comestibles
 e - a bread ration


   Skills:
 + Level 4.6 Fighting
 + Level 3.7 Maces & Flails
 + Level 5.0 Armour
 + Level 4.1 Dodging
 + Level 0.2 Stealth
 + Level 4.8 Shields


You had 7 spell levels left.
You didn't know any spells.

Dungeon Overview and Level Annotations

Branches:
Dungeon (5/15)
 Temple: D:4-7

Altars:
Ashenzari
Elyvilon
Ru
Sif Muna
Vehumet
Xom
Yredelemnul


Innate Abilities, Weirdness & Mutations

You are mostly covered in iridescent scales (AC +6).
When hurt, damage is shared between your health and your magic reserves.
You regenerate magic rapidly.


Message History

You sock the gnoll!
You kill the gnoll!
The gnoll hits you from afar with a spear.
* * * LOW HITPOINT WARNING * * *
The centaur zombie hits you but does no damage.
You bludgeon the centaur zombie!! You block the gnoll's attack.
You block the centaur zombie's attack.
You sock the centaur zombie! You block the centaur zombie's attack.
The gnoll barely misses you. You block the centaur zombie's attack.
The gnoll hits you from afar with a spear.
* * * LOW HITPOINT WARNING * * *
You sock the centaur zombie!
You destroy the centaur zombie!
Your Armour skill increases to level 5!
The gnoll hits you but does no damage.
You hit the ogre.
The ogre is lightly wounded.
The ogre hits you with a giant club!
You die...
Xom thinks this is hilarious!

##.##
#g..###########
#Z###Z.........#
##g#######.#* * ##
#.(.#,,.... , .##
#.g... ,!.# ***...#
...### #.# ###...###
##.#####g###.......#
#..)....O@.!†.....#
#######.###.......#
,,, ..#..###....##
***### #.# *....#
,,, ,, .# **.#.# *
,**** ,# *.#,# * , ,
* * . * ** * #. , ,,
*,


You could see an ogre and a gnoll.

Vanquished Creatures
  The ghost of sqallbeste the Covert, an experienced SpAs of Dithmenos (D:5)
  Grinder (D:3)
  Sigmund (D:3)
  An ogre (D:4)
  A sky beast (D:3)
  A centaur zombie (D:5)
  An orc priest (D:3)
  2 orc wizards
  Ijyb (D:3)
  Jessica (D:3)
  7 gnolls
  3 adders
  A worm (D:3)
  2 giant geckos
  15 orcs
  2 giant cockroaches (D:1)
  2 hobgoblins (D:2)
  5 jackals
  7 kobolds
  2 quokkas (D:2)
  10 bats
  5 giant newts
  6 goblins
  9 rats
87 creatures vanquished.

Notes
Turn   | Place    | Note
--------------------------------------------------------------
     0 | D:1      | Steifyn the Demonspawn Fighter began the quest for the Orb.
     0 | D:1      | Reached XP level 1. HP: 18/18 MP: 1/1
   253 | D:1      | Gained mutation: You are partially covered in iridescent scales (AC +4). [demonic ancestry]
   253 | D:1      | Reached XP level 2. HP: 16/24 MP: 2/2
   652 | D:2      | Found a basalt altar of Yredelemnul.
   652 | D:2      | Found a shattered altar of Ashenzari.
   652 | D:2      | Found a deep blue altar of Sif Muna.
   652 | D:2      | Found a white marble altar of Elyvilon.
   657 | D:2      | Gained mutation: You are mostly covered in iridescent scales (AC +6). [demonic ancestry]
   657 | D:2      | Reached XP level 3. HP: 21/29 MP: 3/3
   665 | D:2      | Found a sacrificial altar of Ru.
   665 | D:2      | Found a radiant altar of Vehumet.
   748 | D:2      | Became a worshipper of Ru the Awakened
  1064 | D:2      | Reached XP level 4. HP: 30/35 MP: 4/4
  1237 | D:3      | Reached skill level 1 in Dodging
  1578 | D:3      | Noticed a sky beast
  1615 | D:3      | Killed a sky beast
  1615 | D:3      | Reached XP level 5. HP: 14/42 MP: 5/5
  1849 | D:3      | Noticed Ijyb
  1894 | D:3      | Killed Ijyb
  1894 | D:3      | Gained mutation: When hurt, damage is shared between your health and your magic reserves. [demonic ancestry]
  1894 | D:3      | Reached XP level 6. HP: 46/48 MP: 6/6
  2187 | D:3      | Found a shimmering altar of Xom.
  2187 | D:3      | Noticed Sigmund
  2194 | D:3      | Killed Sigmund
  2194 | D:3      | Reached skill level 4 in Fighting
  2199 | D:3      | Fell from the grace of Ru
  2199 | D:3      | Became a worshipper of Xom of Many Doors
  2278 | D:3      | Noticed Grinder
  2279 | D:3      | XOM: potion effect (curing)
  2282 | D:3      | Noticed Jessica
  2283 | D:3      | XOM: harmless Necr miscast
  2283 | D:3      | Paralysed by Grinder for 4 turns
  2286 | D:3      | XOM: potion effect (berserk rage)
  2290 | D:3      | Paralysed by Grinder for 7 turns
  2298 | D:3      | Killed Jessica
  2299 | D:3      | Paralysed by Grinder for 2 turns
  2305 | D:3      | Paralysed by Grinder for 4 turns
  2312 | D:3      | Paralysed by Grinder for 6 turns
  2396 | D:3      | XOM: silly message
  2499 | D:3      | XOM: potion effect (magic)
  2511 | D:3      | XOM: silly message
  2511 | D:3      | Paralysed by Grinder for 7 turns
  2519 | D:3      | Killed Grinder
  2519 | D:3      | Gained mutation: You regenerate magic rapidly. [demonic ancestry]
  2519 | D:3      | Reached XP level 7. HP: 33/54 MP: 7/7
  2698 | D:4      | Found a sacrificial altar of Ru.
  2797 | D:4      | XOM: butterfly on damage
  2798 | D:4      | XOM: potion effect (might)
  2894 | D:4      | XOM: harmless Summ miscast
  3204 | D:5      | Entered Level 5 of the Dungeon
  3207 | D:5      | Noticed sqallbeste's ghost (experienced SpAs)
  3220 | D:5      | Killed sqallbeste's ghost
  3220 | D:5      | Reached XP level 8. HP: 11/61 MP: 2/8
  3226 | D:5      | XOM: potion effect (might)
  3229 | D:5      | XOM: divination: magic mapping
  3242 | D:5      | HP: 3/61 [gnoll/spear (2)]
  3243 | D:5      | Reached skill level 5 in Armour
  3244 | D:5      | Mangled by an ogre

Vault maps used:
D:1:      minmay_arrival_hallway
D:2:      minmay_overflow_temple_hex
D:3:      lemuel_doored_altar, first_bread, uniq_jessica, uniq_iyjb,
          uniq_sigmund, uniq_grinder
D:4:      minmay_goblin_kobold_castle, grunt_dithmenos_shadows,
          nicolae_ru_the_path_less_chosen, uniq_menkaure, uniq_natasha,
          uniq_pikel
D:5:      minmay_temple_entry_fiery, uniq_duvessa, uniq_crazy_yiuf_cottage

Action                   |  1- 3 |  4- 6 |  7- 9 || total
-------------------------+-------+-------+-------++-------
Melee: Flail             |   100 |   236 |    55 ||   391
Evoke: Wand              |       |       |     3 ||     3
  Use: Potion            |     1 |     4 |     2 ||     7
       Scroll            |       |     8 |     5 ||    13
  Eat: Bread ration      |       |     1 |     1 ||     2
       Beef jerky        |       |     1 |       ||     1
